 Dungeon Crawl Stone Soup version 0.21-a0-286-g6fcecc0 (console) character file.

349 nht the Ruffian (level 6, -2/90 HPs)
             Began as a Troll Hunter on Sept 26, 2017.
             Slain by a worker ant (3 damage)
             ... on level 4 of the Dungeon.
             The game lasted 00:03:38 (2477 turns).

nht the Ruffian (Troll Hunter)                      Turns: 2477, Time: 00:03:39

Health: -2/90      AC:  5    Str: 28    XL:     6   Next: 33%
Magic:  4/5        EV: 10    Int:  7    God:
Gold:   254        SH:  0    Dex: 12    Spells: 5/5 levels left

rFire    + . .     SeeInvis .     - Unarmed
rCold    + + .     Gourm    +   (no shield)
rNeg     . . .     Faith    .   b - +0 robe
rPois    +         Spirit   .   (helmet restricted)
rElec    +         Reflect  .   (no cloak)
rCorr    +         Harm     .   (gloves unavailable)
MR       +....                  (boots unavailable)
Stlth    ..........             (no amulet)
HPRegen  0.65/turn              g - +4 ring of dexterity
MPRegen  0.09/turn              u - ring of protection from magic

@: berserking, resistant, flying, very quick
A: unfitting armour, claws 3, clumsy 1, cold resistance 1, fast metabolism 3,
gourmand, regeneration 1, robust 1, shaggy fur 1, tough skin 2
a: no special abilities


You were on level 4 of the Dungeon.
You were completely stuffed.

You visited 1 branch of the dungeon, and saw 4 of its levels.

You collected 254 gold pieces.

Inventory:

Hand Weapons
 a - a +0 short sword
Missiles
 c - 5 large rocks
 d - 2 throwing nets
 e - 7 javelins (quivered)
Armour
 b - a +0 robe (worn)
Jewellery
 g - a +4 ring of dexterity (left claw)
 u - a ring of protection from magic (right claw)
Scrolls
 h - a scroll of immolation {unknown}
 l - 2 scrolls of fog {unknown}
 m - a scroll of random uselessness {unknown}
 n - a scroll of amnesia {unknown}
 p - a scroll of fear {unknown}
 r - a scroll of identify {unknown}
 s - 2 scrolls of enchant weapon {unknown}
 x - a scroll of recharging {unknown}
 y - a scroll of enchant armour {unknown}
 A - 2 scrolls of teleportation {unknown}
 B - a scroll of remove curse {unknown}
Potions
 i - 2 potions of ambrosia {unknown}
 j - 3 potions of curing {unknown}
 w - a potion of degeneration {unknown}
Comestibles
 f - 6 bread rations
 q - a meat ration
 z - a fruit
 C - a chunk of flesh


   Skills:
 - Level 1.5 Fighting
 - Level 3.6 Throwing
 - Level 1.5 Dodging
 - Level 0.3 Stealth
 + Level 6.4 Unarmed Combat


You had 5 spell levels left.
You didn't know any spells.

Dungeon Overview and Level Annotations

Branches:
Dungeon (4/15)
 Temple: D:4-7

Altars:
Vehumet

Annotations:
D:4 Torious's ghost, novice DECj


Innate Abilities, Weirdness & Mutations

You are too large for most types of armour.
You have claws for hands.
Your metabolism is lightning-fast.
You like to eat raw meat.
Your natural rate of healing is unusually fast.
You are covered in fur. (AC +1)
You have very tough skin. (AC +2)
You are clumsy. (Dex -2)
Your flesh is cold resistant. (rC+)
You are robust. (+10% HP)


Message History

Torious's ghost is moderately damaged.
Torious's ghost shouts, "Death is your only future!"
Torious's ghost hits you!
* * * LOW HITPOINT WARNING * * *
You miss Torious's ghost.
Torious's ghost is moderately damaged.
The worker ant closely misses you.
You closely miss Torious's ghost. Your claw misses Torious's ghost.
Torious's ghost is moderately damaged.
Torious's ghost completely misses you.
You miss Torious's ghost.
Torious's ghost is moderately damaged.
The worker ant bites you!
* * * LOW HITPOINT WARNING * * *
You barely miss the worker ant. Torious's ghost hits you!
* * * LOW HITPOINT WARNING * * *
Torious's ghost freezes you.
* * * LOW HITPOINT WARNING * * *
The worker ant bites you.
You die...

███.█..........██
█.███.█████.██
█≈███.█ █.█
█≈█...█ █.█
█≈█████ █.█ █ █.█
██.█████ █..
███.█ █.......
.....█a..██████
█..████.
.....oW@......█
█....██.
......█...█...█
█.██.██.
.....███.███..█
█.█...█.
......█...█...█
█....... so
........_.....█
███...██ ..
.█W...█...█..██
██.██ █o
....███.███.█ █.█
..█ ███
█..█...█..█ █.█
...
..███.█...).....█
█.█


You could see a worker ant, Torious's ghost and an orc.

Vanquished Creatures
  A phantom (D:4)
  A hound (D:4)
  2 orc wizards
  A gnoll (D:4)
  A howler monkey skeleton (D:4)
  5 adders
  3 oozes
  2 adder skeletons
  A dart slug (D:1)
  3 leopard geckos
  8 orcs
  12 bats
  5 giant cockroaches
  5 goblins
  10 hobgoblins
  5 jackals
  12 kobolds
  6 frilled lizards
  3 rats
86 creatures vanquished.

Notes
Turn   | Place    | Note
-------+----------+-------------------------------------------
     0 | D:1      | nht the Troll Hunter began the quest for the Orb.
     0 | D:1      | Reached XP level 1. HP: 19/19 MP: 0/0
    39 | D:1      | Reached skill level 1 in Unarmed Combat
    69 | D:1      | Reached XP level 2. HP: 27/27 MP: 1/1
    81 | D:1      | Reached skill level 2 in Unarmed Combat
   299 | D:1      | Reached XP level 3. HP: 30/33 MP: 2/2
   585 | D:2      | Reached skill level 3 in Unarmed Combat
   767 | D:2      | Reached XP level 4. HP: 41/41 MP: 3/3
   947 | D:2      | Reached skill level 4 in Unarmed Combat
  1455 | D:3      | Found a faded altar of an unknown god.
  1622 | D:3      | Reached XP level 5. HP: 37/48 MP: 4/4
  1886 | D:3      | Reached skill level 5 in Unarmed Combat
  2130 | D:4      | Noticed Torious's ghost (novice DECj)
  2302 | D:4      | Found a radiant altar of Vehumet.
  2363 | D:4      | Noticed a phantom
  2385 | D:4      | Killed a phantom
  2385 | D:4      | Reached skill level 6 in Unarmed Combat
  2385 | D:4      | Reached XP level 6. HP: 33/55 MP: 5/5
  2466 | D:4      | Gained mutation: You are clumsy. (Dex -2) [potion of mutation]
  2466 | D:4      | Gained mutation: You are robust. (+10% HP) [potion of mutation]
  2466 | D:4      | Gained mutation: Your flesh is cold resistant. (rC+) [potion of mutation]
  2471 | D:4      | wtf
  2477 | D:4      | HP: 2/90 [Torious's ghost (7)]
  2477 | D:4      | Slain by a worker ant

Vault maps used:
D:1:      dpeg_arrival_shelter, st_stairs_10
D:3:      chequers_ecumenical_altar_lobes, first_bread, minmay_misc_feat_encased
D:4:      nicolae_overflow_crystal_walls, vehumet_crystals, serial_shops,
          shop_statue, hangedman_decor_points, grunt_decor_cap,
          corexii_corridor_pit, minmay_misc_feat_alley, minmay_divided_ellipse

Skill      XL: |  1  2  3  4  5 |
---------------+----------------+-----
Unarmed Combat | 1 2 3 4 6 |  6.4
Fighting       | |  1.5
Throwing       | |  3.6
Dodging        | |  1.5
Stealth        | |  0.3

Action                   |  1- 3 |  4- 6 || total
-------------------------+-------+-------++-------
Melee: Unarmed           |    94 |   162 ||   256
       Short sword       |     1 |       ||     1
       Punch             |       |     4 ||     4
  Use: Potion            |       |     4 ||     4
 Stab: Sleeping          |       |     3 ||     3
  Eat: Chunk             |    13 |    15 ||    28
Armor: Robe              |    57 |    44 ||   101
Dodge: Dodged            |    59 |    85 ||   144

Table legend:
 A = Spawn XP
 B = Non-spawn XP
 C = Spawn XP percentage of total XP
 D = Spawn monster count
 E = Non-spawn monster count
 F = Spawn count percentage of total count
 G = Total turns spent on level
                    A         B        C        D         E        F      G
               +---------+---------+-------+---------+---------+-------+---------
         Total |       0 |     499 |   0.0 |       0 |      86 |   0.0 |  2477
               +---------+---------+-------+---------+---------+-------+---------
           D:1 |       0 |      47 |   0.0 |       0 |      25 |   0.0 |   486
           D:2 |       0 |      81 |   0.0 |       0 |      23 |   0.0 |   738
           D:3 |       0 |     119 |   0.0 |       0 |      26 |   0.0 |   945
           D:4 |       0 |     252 |   0.0 |       0 |      12 |   0.0 |   308
               +---------+---------+-------+---------+---------+-------+---------
